Mustangs vs Knights
(R1)
Created - 3 décembre 2015 at 19:03
Goals
|
| Mustangs |
1 |
3 |
4 |
8 |
| Knights |
0 |
3 |
3 |
6 |
|
Shots
|
| Mustangs |
7 |
17 |
13 |
37 |
| Knights |
16 |
12 |
11 |
39 |
|
1st period
1. Mustangs , Evander Kane 17 (Brayden Schenn, Reilly Smith) at 1:43
Penalties :
Riley Nash (Ham) for Interference (Minor) at 11:02, Joe Colborne (Lon) for Hooking (Minor) at 13:11, Reilly Smith (Ham) for Holding Stick (Minor) at 18:35
2nd period
2. Mustangs , Brayden Schenn 17 (Evander Kane) at 4:35
3. Mustangs , Brayden Schenn 18 (Reilly Smith) at 4:41
4. Knights , Joe Colborne 7 (James Wright) at 8:05
5. Knights , Chris Thorburn 20 (Eric Gelinas, Zack Hamill) at 11:55 (PP)
6. Knights , James Wright 11 (Jimmy Hayes) at 12:49 (PP)
7. Mustangs , Ryan O'Reilly 13 (Tom Gilbert) at 14:00 (SH)
Penalties :
Brayden Schenn (Ham) for High sticking (Double Minor) at 11:42, Rick Schofield (Ham) for Holding (Minor) at 12:14
3rd period
8. Knights , Zack Hamill 17 (Chris Thorburn, Tyler Seguin) at 0:33 (PP)
9. Knights , Zack Hamill 18 (Niklas Hjalmarsson, Eric Gelinas) at 1:09
10. Mustangs , Marcus Foligno 7 (Derek Joslin) at 1:59
11. Mustangs , Reilly Smith 7 (Evander Kane, Nate Guenin) at 7:37
12. Mustangs , Brayden Schenn 19 (Reilly Smith, Evander Kane) at 8:38 (PP)
13. Mustangs , Ben Eager 14 (Derek Joslin, Nate Guenin) at 10:10
14. Knights , Tyler Seguin 8 (Chris Thorburn, Magnus Paajarvi-Svensson) at 10:20
Penalties :
Eric Gryba (Ham) for Slashing (Minor) at 0:21, Magnus Paajarvi-Svensson (Lon) for Charging (Minor) at 8:34, Ben Eager (Ham) for Slashing (Minor) at 12:22
Goalie Stats
Maxime Ouellet (Ham), 33 saves from 39 shots - (0,846), W, 13-3-3, 60:00 minutes
Mark Dekanich (Lon), 21 saves from 26 shots - (0,808), L, 1-2-0, 35:19 minutes
Jacob Markstrom (Lon), 8 saves from 11 shots - (0,727), 24:41 minutes
Players Stats for Mustangs
Player Name G A P +/- PIM S H SB GA TA FO MP PP MP PK MP
------------------------------------------------------------------------------------
Ben Eager 1 0 1 -1 2 5 1 0 1 0 0/0 14:45 0:52 0:32
Brayden Schenn 3 1 4 3 4 6 4 0 0 0 14/40 24:22 1:11 4:24
Cameron Gaunce 0 0 0 0 0 0 1 1 0 1 0/0 11:35 0:00 0:00
Daniel Winnik 0 0 0 0 0 0 1 0 1 0 0/0 10:49 0:00 0:17
Denis Shvidki 0 0 0 0 0 3 0 0 0 0 0/0 10:32 0:00 0:00
Derek Joslin 0 2 2 4 0 0 5 2 0 1 0/0 21:50 1:03 3:10
Eric Gryba 0 0 0 0 2 2 2 3 0 0 0/0 26:26 1:00 5:29
Evander Kane 1 3 4 3 0 6 2 0 0 0 0/3 25:01 1:11 5:03
Jared Cowen 0 0 0 0 0 0 1 3 0 1 0/0 29:20 1:00 5:42
Jerome Samson 0 0 0 1 0 0 0 0 0 0 0/0 6:26 0:00 0:00
Marcus Foligno 1 0 1 1 0 2 0 0 0 0 1/1 6:26 0:00 0:00
Nate Guenin 0 2 2 3 0 5 2 0 1 0 0/0 15:35 0:00 0:01
Reilly Smith 1 3 4 4 2 4 3 0 1 0 3/4 21:23 1:11 1:23
Rick Schofield 0 0 0 1 2 1 1 1 0 0 1/7 8:59 0:00 2:06
Riley Armstrong 0 0 0 0 0 0 0 0 0 1 4/5 10:39 0:00 0:00
Riley Nash 0 0 0 -1 2 0 0 0 0 0 0/0 14:06 0:52 0:00
Ryan O'Reilly 1 0 1 0 0 1 0 0 0 0 9/16 17:12 0:52 2:59
Tom Gilbert 0 1 1 1 0 2 0 0 0 0 0/0 15:13 1:03 2:58
Players Stats for Knights
Player Name G A P +/- PIM S H SB GA TA FO MP PP MP PK MP
------------------------------------------------------------------------------------
Alex Chiasson 0 0 0 -2 0 5 4 1 1 0 2/2 16:51 0:07 0:00
Chris Thorburn 1 2 3 0 0 6 2 1 1 0 0/0 18:10 4:49 0:00
Eric Gelinas 0 2 2 -3 0 1 1 3 1 1 0/0 28:22 5:56 1:02
Garnet Exelby 0 0 0 -1 0 1 1 2 0 0 0/0 16:43 0:00 1:01
James Wright 1 1 2 -2 0 1 2 0 0 0 2/6 14:34 3:44 0:57
Jason Zucker 0 0 0 -3 0 0 1 1 0 0 0/1 20:39 3:44 0:00
Jimmy Hayes 0 1 1 -2 0 2 2 0 1 0 2/2 13:30 3:44 0:25
Joe Colborne 1 0 1 0 2 2 2 0 0 0 4/5 9:59 0:05 0:00
Kevin Hayes 0 0 0 0 0 0 0 0 0 0 0/0 9:41 0:00 0:00
Magnus Paajarvi-Svensson 0 1 1 0 2 1 0 0 0 0 1/2 13:14 0:07 0:19
Michael Raffl 0 0 0 0 0 1 0 0 0 0 1/1 11:01 0:00 1:10
Michael Stone 0 0 0 0 0 2 0 1 0 0 0/0 14:55 2:44 0:00
Niklas Hjalmarsson 0 1 1 -3 0 3 0 1 0 1 0/0 28:22 5:56 1:02
Ronalds Kenins 0 0 0 -1 0 1 1 0 0 0 0/0 9:10 0:00 0:00
Tomas Kundratek 0 0 0 -1 0 4 2 1 0 0 0/0 19:21 2:44 1:01
Tyler Seguin 1 1 2 0 0 3 3 1 0 1 20/32 18:45 4:51 0:37
Zack Hamill 2 1 3 -2 0 4 2 1 0 0 12/25 22:21 4:49 0:38
Zbynek Michalek 0 0 0 0 0 2 1 1 0 1 0/0 12:17 0:00 0:00
3 Stars
1 - Brayden Schenn (Ham)
2 - Evander Kane (Ham)
3 - Reilly Smith (Ham)
Power Play
Mustangs - 1 on 2 Attempt(s) - 50,00%
Knights - 3 on 7 Attempt(s) - 42,86%
Penalty Kill
Mustangs - 4 on 7 Attempt(s) - 57,14%
- Score 1 goal in Penalty Kill
Knights - 1 on 2 Attempt(s) - 50,00%
- Score 0 goal in Penalty Kill
Team Stat
Mustangs - Hits : 23 - Faceoff Wins : 32 - Blocked Shots : 10 - Penalty Minutes : 14
Knights - Hits : 24 - Faceoff Wins : 44 - Blocked Shots : 14 - Penalty Minutes : 4
Official
Referees : Pochmara Brian and McCauley Wes
Linesman : Mark Shewchyk and Derek Nansen
Game Notes
Mark Dekanich enters game at 4:41 of 2nd period
19:48 of 2nd period - Mustangs goal is going for a video replay. After video review, No Goal. The attacking player has interfered with a goalkeeper in his goal crease.
Brayden Schenn has scored a Hat Trick!
Finance
Level 1 -- Attendance: 1580 (79,00%) -- Ticket Income 55 300 $
Level 2 -- Attendance: 788 (78,80%) -- Ticket Income 15 760 $
Total Attendance: 2368 (78,93%)
Total Ticket Income: 71 060 $
Other Income: 3 553 $
Total Income: 74 613 $
Mustangs
5 vs 5 Forward
Center Left Wing Right Wing Time % Phy DF OF
1 Brayden Schenn Evander Kane Reilly Smith 40 0 2 3
2 Ryan O'Reilly Ben Eager Riley Nash 30 0 2 3
3 Riley Armstrong Daniel Winnik Denis Shvidki 20 1 2 2
4 Rick Schofield Marcus Foligno Jerome Samson 10 1 2 2
5 vs 5 Defense
Defense Defense Time % Phy DF OF
1 Jared Cowen Eric Gryba 40 0 2 3
2 Derek Joslin Nate Guenin 30 1 2 2
3 Cameron Gaunce Tom Gilbert 20 1 2 2
4 Jared Cowen Derek Joslin 10 1 2 2
PowerPlay Forward
Center Left Wing Right Wing Time % Phy DF OF
1 Brayden Schenn Evander Kane Reilly Smith 60 0 1 4
2 Ryan O'Reilly Ben Eager Riley Nash 40 0 1 4
PowerPlay Defense
Defense Defense Time % Phy DF OF
1 Jared Cowen Eric Gryba 60 0 2 3
2 Derek Joslin Tom Gilbert 40 0 2 3
Penalty Kill 4 Players Forward
Center Wing Time % Phy DF OF
1 Brayden Schenn Evander Kane 60 1 4 0
2 Ryan O'Reilly Reilly Smith 40 1 4 0
Penalty Kill 4 Players Defense
Defense Defense Time % Phy DF OF
1 Jared Cowen Eric Gryba 60 1 4 0
2 Derek Joslin Tom Gilbert 40 1 4 0
Penalty Kill - 3 Players Forward
Forward Time % Phy DF OF
1 Brayden Schenn 60 1 4 0
2 Denis Shvidki 40 1 4 0
Penalty Kill - 3 Players Defense
Defense Defense Time % Phy DF OF
1 Jared Cowen Eric Gryba 60 1 4 0
2 Derek Joslin Tom Gilbert 40 1 4 0
4 vs 4 Forward
Center Wing Time % Phy DF OF
1 Brayden Schenn Evander Kane 60 0 2 3
2 Ryan O'Reilly Reilly Smith 40 0 2 3
4 vs 4 Defense
Defense Defense Time % Phy DF OF
1 Jared Cowen Eric Gryba 60 1 2 2
2 Derek Joslin Tom Gilbert 40 1 2 2
Last Minutes Offensive
Center Left Wing Right Wing Defense Defense
Brayden Schenn Evander Kane Reilly Smith Jared Cowen Derek Joslin
Last Minutes Defensive
Center Left Wing Right Wing Defense Defense
Riley Armstrong Ben Eager Riley Nash Jared Cowen Derek Joslin
Goaltenders
Starting : Maxime Ouellet
Backup : Chet Pickard
Extra Forwards
Normal : Evander Kane, Brayden Schenn, Ryan O'Reilly - PP : Ryan O'Reilly, Evander Kane - PK : Rick Schofield
Extra Defensemen
Normal : Jared Cowen, Eric Gryba, Derek Joslin - PP : Jared Cowen - PK : Eric Gryba, Derek Joslin
Penalty Shots
Brayden Schenn, Evander Kane, Ben Eager, Reilly Smith, Ryan O'Reilly
Knights
5 vs 5 Forward
Center Left Wing Right Wing Time % Phy DF OF
1 Zack Hamill Jason Zucker Alex Chiasson 38 0 2 3
2 Tyler Seguin Magnus Paajarvi-Svensson Chris Thorburn 32 0 2 3
3 James Wright Ronalds Kenins Jimmy Hayes 15 0 2 3
4 Joe Colborne Michael Raffl Kevin Hayes 15 0 2 3
5 vs 5 Defense
Defense Defense Time % Phy DF OF
1 Niklas Hjalmarsson Eric Gelinas 32 0 2 3
2 Garnet Exelby Tomas Kundratek 30 0 2 3
3 Zbynek Michalek Michael Stone 23 1 2 2
4 Eric Gelinas Niklas Hjalmarsson 15 1 2 2
PowerPlay Forward
Center Left Wing Right Wing Time % Phy DF OF
1 Tyler Seguin Chris Thorburn Zack Hamill 60 0 1 4
2 James Wright Jason Zucker Jimmy Hayes 40 0 1 4
PowerPlay Defense
Defense Defense Time % Phy DF OF
1 Eric Gelinas Niklas Hjalmarsson 60 1 1 3
2 Michael Stone Tomas Kundratek 40 1 1 3
Penalty Kill 4 Players Forward
Center Wing Time % Phy DF OF
1 James Wright Michael Raffl 60 0 4 1
2 Joe Colborne Jimmy Hayes 40 0 4 1
Penalty Kill 4 Players Defense
Defense Defense Time % Phy DF OF
1 Eric Gelinas Niklas Hjalmarsson 60 1 4 0
2 Tomas Kundratek Garnet Exelby 40 1 4 0
Penalty Kill - 3 Players Forward
Forward Time % Phy DF OF
1 James Wright 60 0 4 1
2 Joe Colborne 40 0 4 1
Penalty Kill - 3 Players Defense
Defense Defense Time % Phy DF OF
1 Niklas Hjalmarsson Tomas Kundratek 60 1 4 0
2 Garnet Exelby Tomas Kundratek 40 1 4 0
4 vs 4 Forward
Center Wing Time % Phy DF OF
1 Zack Hamill Jason Zucker 60 0 1 4
2 Tyler Seguin Magnus Paajarvi-Svensson 40 0 1 4
4 vs 4 Defense
Defense Defense Time % Phy DF OF
1 Eric Gelinas Niklas Hjalmarsson 60 1 2 2
2 Tomas Kundratek Garnet Exelby 40 1 2 2
Last Minutes Offensive
Center Left Wing Right Wing Defense Defense
Zack Hamill Tyler Seguin Chris Thorburn Niklas Hjalmarsson Eric Gelinas
Last Minutes Defensive
Center Left Wing Right Wing Defense Defense
James Wright Michael Raffl Chris Thorburn Niklas Hjalmarsson Eric Gelinas
Goaltenders
Starting : Jacob Markstrom
Backup : Mark Dekanich
Extra Forwards
Normal : Tyler Seguin, Zack Hamill, James Wright - PP : James Wright, Zack Hamill - PK : Zack Hamill
Extra Defensemen
Normal : Niklas Hjalmarsson, Tomas Kundratek, Eric Gelinas - PP : Niklas Hjalmarsson - PK : Tomas Kundratek, Niklas Hjalmarsson
Penalty Shots
Joe Colborne, Alex Chiasson, Jimmy Hayes, James Wright, Zack Hamill
% Time on Ice - Mustangs
Lines # - Real PCT - Wanted PCT - Time Play
Normal Forward
1 - 38% - 40% - 18:57
2 - 27% - 30% - 13:22
3 - 21% - 20% - 10:32
4 - 13% - 10% - 6:26
Normal Defense
1 - 41% - 40% - 20:05
2 - 31% - 30% - 15:04
3 - 24% - 20% - 11:35
4 - 5% - 10% - 2:33
PP Forward
1 - 58% - 60% - 1:11
2 - 42% - 40% - 0:52
PP Defense
1 - 49% - 60% - 1:00
2 - 51% - 40% - 1:03
PK Forward
1 - 75% - 60% - 6:05
2 - 25% - 40% - 2:00
PK Defense
1 - 65% - 60% - 5:17
2 - 35% - 40% - 2:48
PK3 Forward
1 - 100% - 60% - 0:35
2 - 0% - 40% - 0:00
PK3 Defense
1 - 71% - 60% - 0:25
2 - 29% - 40% - 0:10
44 Forward
1 - 0% - 60%
2 - 0% - 40%
44 Defense
1 - 0% - 60%
2 - 0% - 40%
Last Minute Offensive - 0:00
Last Minute Defensive - 0:00
Total
Forward - 60:00
Defense - 60:00
|
% Time on Ice - Knights
Lines # - Real PCT - Wanted PCT - Time Play
Normal Forward
1 - 35% - 38% - 17:26
2 - 26% - 32% - 13:00
3 - 19% - 15% - 9:10
4 - 20% - 15% - 9:41
Normal Defense
1 - 32% - 32% - 15:56
2 - 33% - 30% - 16:06
3 - 24% - 23% - 11:47
4 - 11% - 15% - 5:28
PP Forward
1 - 57% - 60% - 4:56
2 - 43% - 40% - 3:44
PP Defense
1 - 68% - 60% - 5:56
2 - 32% - 40% - 2:44
PK Forward
1 - 80% - 60% - 1:38
2 - 20% - 40% - 0:25
PK Defense
1 - 50% - 60% - 1:02
2 - 50% - 40% - 1:01
PK3 Forward
1 - 0% - 60%
2 - 0% - 40%
PK3 Defense
1 - 0% - 60%
2 - 0% - 40%
44 Forward
1 - 0% - 60%
2 - 0% - 40%
44 Defense
1 - 0% - 60%
2 - 0% - 40%
Last Minute Offensive - 0:00
Last Minute Defensive - 0:00
Total
Forward - 60:00
Defense - 60:00
|
Play by Play
1st period
0:01 of 1st period - Zack Hamill wins face-off versus Brayden Schenn in neutral zone.
0:06 of 1st period - Wrist shot by Alex Chiasson.
0:06 of 1st period - Stopped by Maxime Ouellet with a rebound.
0:31 of 1st period - Wrist shot by Ryan O'Reilly.
0:31 of 1st period - Shot Misses the Net.
0:51 of 1st period - Chris Thorburn is hit by Daniel Winnik and loses puck.
1:02 of 1st period - Wrist shot by Riley Armstrong.
1:02 of 1st period - Deflect By Denis Shvidki.
1:02 of 1st period - Stopped by Jacob Markstrom with a rebound.
1:12 of 1st period - Tom Gilbert is hit by Joe Colborne and loses puck.
1:43 of 1st period - Slapshot by Evander Kane.
1:43 of 1st period - Goal by Evander Kane - Mustangs : 1 - Knights : 0.
1:44 of 1st period - Zack Hamill wins face-off versus Ryan O'Reilly in neutral zone.
1:47 of 1st period - Ryan O'Reilly is hit by Alex Chiasson and loses puck.
2:10 of 1st period - Eric Gelinas is hit by Reilly Smith and loses puck.
2:35 of 1st period - Wrist shot by Jimmy Hayes.
2:35 of 1st period - Shot Misses the Net.
2:48 of 1st period - Off-side.
2:49 of 1st period - Joe Colborne wins face-off versus Rick Schofield in neutral zone.
3:16 of 1st period - Slapshot by Ben Eager.
3:16 of 1st period - Shot Misses the Net.
3:28 of 1st period - Snap shot by Joe Colborne.
3:28 of 1st period - Shot Misses the Net.
3:30 of 1st period - Snap shot by Joe Colborne.
3:30 of 1st period - Shot Misses the Net.
3:32 of 1st period - Backhand shot by Michael Stone.
3:32 of 1st period - Deflect By Michael Raffl.
3:32 of 1st period - Stopped by Maxime Ouellet with a rebound.
3:34 of 1st period - Slapshot by Michael Stone.
3:34 of 1st period - Deflect By Nate Guenin.
3:34 of 1st period - Stopped by Maxime Ouellet with a rebound.
3:36 of 1st period - Slapshot by Michael Stone.
3:36 of 1st period - Shot Misses the Net.
3:38 of 1st period - Snap shot by Zbynek Michalek.
3:38 of 1st period - Deflect By Joe Colborne.
3:38 of 1st period - Shot Misses the Net.
3:38 of 1st period - Puck is out of play.
3:39 of 1st period - Alex Chiasson wins face-off versus Brayden Schenn in Mustangs zone.
4:50 of 1st period - Slapshot by Marcus Foligno.
4:50 of 1st period - Stopped by Jacob Markstrom without a rebound.
4:51 of 1st period - Tyler Seguin wins face-off versus Brayden Schenn in Knights zone.
4:56 of 1st period - Snap shot by Tyler Seguin.
4:56 of 1st period - Stopped by Maxime Ouellet with a rebound.
5:02 of 1st period - Wrist shot by Tyler Seguin.
5:02 of 1st period - Stopped by Maxime Ouellet with a rebound.
5:04 of 1st period - Slapshot by Tyler Seguin.
5:04 of 1st period - Shot Misses the Net.
5:06 of 1st period - Slapshot by Tyler Seguin.
5:06 of 1st period - Shot Misses the Net.
5:24 of 1st period - Snap shot by Ben Eager.
5:24 of 1st period - Shot Blocked by Zack Hamill.
5:42 of 1st period - Snap shot by Denis Shvidki.
5:42 of 1st period - Shot Misses the Net.
5:44 of 1st period - Snap shot by Eric Gryba.
5:44 of 1st period - Stopped by Jacob Markstrom without a rebound.
5:45 of 1st period - Brayden Schenn wins face-off versus Zack Hamill in Knights zone.
5:54 of 1st period - Slapshot by Brayden Schenn.
5:54 of 1st period - Stopped by Jacob Markstrom without a rebound.
5:55 of 1st period - Brayden Schenn wins face-off versus Zack Hamill in Knights zone.
6:00 of 1st period - Wrist shot by Brayden Schenn.
6:00 of 1st period - Shot Misses the Net.
6:02 of 1st period - Wrist shot by Evander Kane.
6:02 of 1st period - Shot Misses the Net.
6:04 of 1st period - Snap shot by Brayden Schenn.
6:04 of 1st period - Shot Blocked by Michael Stone.
6:54 of 1st period - Snap shot by Zack Hamill.
6:54 of 1st period - Stopped by Maxime Ouellet without a rebound.
6:55 of 1st period - Tyler Seguin wins face-off versus Ryan O'Reilly in Mustangs zone.
7:15 of 1st period - Tomas Kundratek is hit by Ben Eager.
7:33 of 1st period - Riley Armstrong is hit by Jimmy Hayes and loses puck.
7:44 of 1st period - Snap shot by Denis Shvidki.
7:44 of 1st period - Shot Blocked by Niklas Hjalmarsson.
8:42 of 1st period - James Wright is hit by Derek Joslin and loses puck.
9:24 of 1st period - Wrist shot by Evander Kane.
9:24 of 1st period - Stopped by Jacob Markstrom without a rebound.
9:25 of 1st period - Joe Colborne wins face-off versus Brayden Schenn in Knights zone.
10:18 of 1st period - Jared Cowen is hit by Tyler Seguin and loses puck.
10:23 of 1st period - Slapshot by Chris Thorburn.
10:23 of 1st period - Stopped by Maxime Ouellet with a rebound.
10:25 of 1st period - Snap shot by Chris Thorburn.
10:25 of 1st period - Stopped by Maxime Ouellet without a rebound.
10:26 of 1st period - Zack Hamill wins face-off versus Brayden Schenn in Mustangs zone.
11:00 of 1st period - Snap shot by Tyler Seguin.
11:00 of 1st period - Shot Misses the Net.
11:02 of 1st period - Minor Penalty to Riley Nash for Interference.
11:03 of 1st period - Tyler Seguin wins face-off versus Brayden Schenn in Mustangs zone.
11:20 of 1st period - Eric Gryba is hit by Eric Gelinas and loses puck.
11:45 of 1st period - Reilly Smith is hit by Tyler Seguin and loses puck.
12:10 of 1st period - Michael Stone is hit by Derek Joslin and loses puck.
12:31 of 1st period - Jimmy Hayes is hit by Reilly Smith and loses puck.
13:02 of 1st period - Penalty to Riley Nash is over, Riley Nash is back on ice.
13:11 of 1st period - Minor Penalty to Joe Colborne for Hooking.
13:12 of 1st period - Michael Raffl wins face-off versus Evander Kane in Knights zone.
13:21 of 1st period - Tomas Kundratek is hit by Brayden Schenn and loses puck.
14:08 of 1st period - Jimmy Hayes is hit by Brayden Schenn and loses puck.
14:42 of 1st period - Icing by Evander Kane.
14:43 of 1st period - Reilly Smith wins face-off versus Tyler Seguin in Mustangs zone.
15:11 of 1st period - Penalty to Joe Colborne is over, Joe Colborne is back on ice.
15:30 of 1st period - Off-side.
15:31 of 1st period - Ryan O'Reilly wins face-off versus Zack Hamill in neutral zone.
15:38 of 1st period - Wrist shot by Alex Chiasson.
15:38 of 1st period - Stopped by Maxime Ouellet with a rebound.
15:42 of 1st period - Slapshot by Alex Chiasson.
15:42 of 1st period - Shot Misses the Net.
15:44 of 1st period - Slapshot by Garnet Exelby.
15:44 of 1st period - Shot Misses the Net.
15:46 of 1st period - Slapshot by Garnet Exelby.
15:46 of 1st period - Stopped by Maxime Ouellet with a rebound.
15:48 of 1st period - Slapshot by Tomas Kundratek.
15:48 of 1st period - Shot Blocked by Derek Joslin.
15:50 of 1st period - Slapshot by Tomas Kundratek.
15:50 of 1st period - Deflect By Ryan O'Reilly.
15:50 of 1st period - Stopped by Maxime Ouellet without a rebound.
15:51 of 1st period - Riley Armstrong wins face-off versus Tyler Seguin in Mustangs zone.
15:58 of 1st period - Wrist shot by Denis Shvidki.
15:58 of 1st period - Stopped by Jacob Markstrom without a rebound.
15:59 of 1st period - Riley Armstrong wins face-off versus Tyler Seguin in Knights zone.
16:02 of 1st period - Snap shot by Daniel Winnik.
16:02 of 1st period - Deflect By Garnet Exelby.
16:02 of 1st period - Shot Blocked by Garnet Exelby.
16:02 of 1st period - Puck is out of play.
16:03 of 1st period - Zack Hamill wins face-off versus Brayden Schenn in Knights zone.
16:03 of 1st period - Zack Hamill is hit by Reilly Smith.
16:31 of 1st period - Slapshot by Ryan O'Reilly.
16:31 of 1st period - Shot Misses the Net.
17:12 of 1st period - Eric Gryba is hit by James Wright.
17:13 of 1st period - Icing by Eric Gryba.
17:14 of 1st period - Riley Armstrong wins face-off versus Jason Zucker in Mustangs zone.
17:25 of 1st period - Wrist shot by Alex Chiasson.
17:25 of 1st period - Shot Misses the Net.
17:29 of 1st period - Wrist shot by Zack Hamill.
17:29 of 1st period - Stopped by Maxime Ouellet without a rebound.
17:30 of 1st period - Tyler Seguin wins face-off versus Brayden Schenn in Mustangs zone.
17:39 of 1st period - Snap shot by Chris Thorburn.
17:39 of 1st period - Stopped by Maxime Ouellet without a rebound.
17:40 of 1st period - Brayden Schenn wins face-off versus Tyler Seguin in Mustangs zone.
17:45 of 1st period - Snap shot by Magnus Paajarvi-Svensson.
17:45 of 1st period - Stopped by Maxime Ouellet with a rebound.
17:47 of 1st period - Snap shot by Eric Gelinas.
17:47 of 1st period - Stopped by Maxime Ouellet without a rebound.
17:48 of 1st period - Zack Hamill wins face-off versus Brayden Schenn in Mustangs zone.
17:49 of 1st period - Snap shot by Alex Chiasson.
17:49 of 1st period - Shot Blocked by Derek Joslin.
18:13 of 1st period - Niklas Hjalmarsson is hit by Nate Guenin and loses puck.
18:30 of 1st period - Snap shot by Alex Chiasson.
18:30 of 1st period - Shot Blocked by Jared Cowen.
18:32 of 1st period - Slapshot by Niklas Hjalmarsson.
18:32 of 1st period - Deflect By Daniel Winnik.
18:32 of 1st period - Stopped by Maxime Ouellet without a rebound.
18:33 of 1st period - Brayden Schenn wins face-off versus Magnus Paajarvi-Svensson in Mustangs zone.
18:35 of 1st period - Minor Penalty to Reilly Smith for Holding Stick.
18:36 of 1st period - Tyler Seguin wins face-off versus Evander Kane in Mustangs zone.
19:40 of 1st period - Derek Joslin is hit by Tomas Kundratek.
19:54 of 1st period - Niklas Hjalmarsson is hit by Evander Kane and loses puck.
Goals for this period are 1 for Mustangs vs 0 for Knights.
Shots for this period are 7 for Mustangs vs 16 for Knights.
2nd period
0:01 of 2nd period - Tyler Seguin wins face-off versus Brayden Schenn in neutral zone.
0:04 of 2nd period - Slapshot by Niklas Hjalmarsson.
0:04 of 2nd period - Shot Misses the Net.
0:35 of 2nd period - Penalty to Reilly Smith is over, Reilly Smith is back on ice.
0:52 of 2nd period - Tomas Kundratek is hit by Eric Gryba and loses puck.
1:10 of 2nd period - Off-side.
1:11 of 2nd period - Tyler Seguin wins face-off versus Ryan O'Reilly in neutral zone.
1:22 of 2nd period - Snap shot by Chris Thorburn.
1:22 of 2nd period - Stopped by Maxime Ouellet with a rebound.
1:38 of 2nd period - Nate Guenin is hit by Zbynek Michalek and loses puck.
1:45 of 2nd period - Snap shot by Alex Chiasson.
1:45 of 2nd period - Stopped by Maxime Ouellet without a rebound.
1:46 of 2nd period - Reilly Smith wins face-off versus Zack Hamill in Mustangs zone.
1:50 of 2nd period - Off-side.
1:51 of 2nd period - Zack Hamill wins face-off versus Brayden Schenn in neutral zone.
2:45 of 2nd period - Snap shot by Tyler Seguin.
2:45 of 2nd period - Shot Blocked by Jared Cowen.
3:11 of 2nd period - Rick Schofield is hit by Alex Chiasson and loses puck.
3:26 of 2nd period - Zbynek Michalek is hit by Derek Joslin and loses puck.
3:31 of 2nd period - Wrist shot by Denis Shvidki.
3:31 of 2nd period - Shot Misses the Net.
3:33 of 2nd period - Backhand shot by Derek Joslin.
3:33 of 2nd period - Shot Misses the Net.
3:37 of 2nd period - Wrist shot by Daniel Winnik.
3:37 of 2nd period - Shot Blocked by Zbynek Michalek.
3:47 of 2nd period - Snap shot by Ben Eager.
3:47 of 2nd period - Stopped by Jacob Markstrom without a rebound.
3:48 of 2nd period - Ryan O'Reilly wins face-off versus James Wright in Knights zone.
3:51 of 2nd period - Wrist shot by Ben Eager.
3:51 of 2nd period - Shot Misses the Net.
3:53 of 2nd period - Snap shot by Ryan O'Reilly.
3:53 of 2nd period - Shot Misses the Net.
3:55 of 2nd period - Backhand shot by Tom Gilbert.
3:55 of 2nd period - Shot Misses the Net.
3:57 of 2nd period - Wrist shot by Ben Eager.
3:57 of 2nd period - Deflect By Eric Gelinas.
3:57 of 2nd period - Stopped by Jacob Markstrom with a rebound.
4:35 of 2nd period - Slapshot by Brayden Schenn.
4:35 of 2nd period - Deflect By Eric Gelinas.
4:35 of 2nd period - Goal by Brayden Schenn - Mustangs : 2 - Knights : 0.
4:36 of 2nd period - Brayden Schenn wins face-off versus Zack Hamill in neutral zone.
4:41 of 2nd period - Wrist shot by Brayden Schenn.
4:41 of 2nd period - Goal by Brayden Schenn - Mustangs : 3 - Knights : 0.
4:41 of 2nd period - Mark Dekanich enters game.
4:42 of 2nd period - Tyler Seguin wins face-off versus Brayden Schenn in neutral zone.
4:47 of 2nd period - Slapshot by Eric Gelinas.
4:47 of 2nd period - Deflect By Chris Thorburn.
4:47 of 2nd period - Shot Hit the Post.
4:47 of 2nd period - Puck is out of play.
4:48 of 2nd period - Tyler Seguin wins face-off versus Brayden Schenn in Mustangs zone.
4:53 of 2nd period - Snap shot by Chris Thorburn.
4:53 of 2nd period - Stopped by Maxime Ouellet with a rebound.
4:59 of 2nd period - Slapshot by Evander Kane.
4:59 of 2nd period - Shot Blocked by Tyler Seguin.
5:01 of 2nd period - Slapshot by Eric Gryba.
5:01 of 2nd period - Shot Misses the Net.
5:03 of 2nd period - Snap shot by Eric Gryba.
5:03 of 2nd period - Stopped by Mark Dekanich with a rebound.
5:23 of 2nd period - Snap shot by Zack Hamill.
5:23 of 2nd period - Shot Misses the Net.
5:43 of 2nd period - Wrist shot by Rick Schofield.
5:43 of 2nd period - Shot Misses the Net.
6:01 of 2nd period - Nate Guenin is hit by Jimmy Hayes and loses puck.
6:23 of 2nd period - Icing by Nate Guenin.
6:24 of 2nd period - Brayden Schenn wins face-off versus Zack Hamill in Mustangs zone.
6:31 of 2nd period - Zack Hamill is hit by Derek Joslin and loses puck.
7:13 of 2nd period - Eric Gelinas is hit by Nate Guenin and loses puck.
7:26 of 2nd period - Snap shot by Evander Kane.
7:26 of 2nd period - Stopped by Mark Dekanich with a rebound.
7:28 of 2nd period - Snap shot by Reilly Smith.
7:28 of 2nd period - Stopped by Mark Dekanich with a rebound.
7:30 of 2nd period - Snap shot by Evander Kane.
7:30 of 2nd period - Stopped by Mark Dekanich with a rebound.
7:32 of 2nd period - Slapshot by Derek Joslin.
7:32 of 2nd period - Shot Blocked by Eric Gelinas.
7:34 of 2nd period - Slapshot by Derek Joslin.
7:34 of 2nd period - Shot Blocked by Jason Zucker.
7:36 of 2nd period - Slapshot by Nate Guenin.
7:36 of 2nd period - Stopped by Mark Dekanich with a rebound.
7:38 of 2nd period - Slapshot by Nate Guenin.
7:38 of 2nd period - Deflect By Evander Kane.
7:38 of 2nd period - Shot Blocked by Eric Gelinas.
7:38 of 2nd period - Puck is out of play.
7:39 of 2nd period - Ryan O'Reilly wins face-off versus Tyler Seguin in Knights zone.
7:40 of 2nd period - Snap shot by Ben Eager.
7:40 of 2nd period - Shot Misses the Net.
7:46 of 2nd period - Snap shot by Ben Eager.
7:46 of 2nd period - Shot Blocked by Chris Thorburn.
7:48 of 2nd period - Slapshot by Jared Cowen.
7:48 of 2nd period - Shot Blocked by Tomas Kundratek.
8:05 of 2nd period - Snap shot by Joe Colborne.
8:05 of 2nd period - Goal by Joe Colborne - Mustangs : 3 - Knights : 1.
8:06 of 2nd period - Ryan O'Reilly wins face-off versus Tyler Seguin in neutral zone.
8:11 of 2nd period - Snap shot by Ryan O'Reilly.
8:11 of 2nd period - Shot Misses the Net.
8:31 of 2nd period - Denis Shvidki is hit by Garnet Exelby and loses puck.
8:53 of 2nd period - Off-side.
8:54 of 2nd period - Rick Schofield wins face-off versus Joe Colborne in neutral zone.
9:21 of 2nd period - Tomas Kundratek is hit by Cameron Gaunce and loses puck.
9:26 of 2nd period - Snap shot by Evander Kane.
9:26 of 2nd period - Shot Misses the Net.
9:28 of 2nd period - Snap shot by Brayden Schenn.
9:28 of 2nd period - Stopped by Mark Dekanich without a rebound.
9:29 of 2nd period - Brayden Schenn wins face-off versus Tyler Seguin in Knights zone.
9:59 of 2nd period - Snap shot by Jimmy Hayes.
9:59 of 2nd period - Stopped by Maxime Ouellet without a rebound.
10:00 of 2nd period - Jimmy Hayes wins face-off versus Ryan O'Reilly in Mustangs zone.
10:03 of 2nd period - Slapshot by Jimmy Hayes.
10:03 of 2nd period - Stopped by Maxime Ouellet with a rebound.
10:05 of 2nd period - Slapshot by Zbynek Michalek.
10:05 of 2nd period - Stopped by Maxime Ouellet without a rebound.
10:06 of 2nd period - Zack Hamill wins face-off versus Brayden Schenn in Mustangs zone.
10:17 of 2nd period - Evander Kane is hit by Zack Hamill and loses puck.
10:58 of 2nd period - Riley Armstrong is hit by Tyler Seguin and loses puck.
11:14 of 2nd period - Icing by Cameron Gaunce.
11:15 of 2nd period - Marcus Foligno wins face-off versus James Wright in Mustangs zone.
11:19 of 2nd period - Icing by Tom Gilbert.
11:20 of 2nd period - James Wright wins face-off versus Rick Schofield in Mustangs zone.
11:25 of 2nd period - Slapshot by James Wright.
11:25 of 2nd period - Shot Misses the Net.
11:39 of 2nd period - Wrist shot by Ronalds Kenins.
11:39 of 2nd period - Stopped by Maxime Ouellet without a rebound.
11:40 of 2nd period - Brayden Schenn wins face-off versus Zack Hamill in Mustangs zone.
11:42 of 2nd period - Double Minor Penalty to Brayden Schenn for High sticking.
11:43 of 2nd period - Tyler Seguin wins face-off versus Rick Schofield in Mustangs zone.
11:43 of 2nd period - Slapshot by Zack Hamill.
11:43 of 2nd period - Shot Blocked by Eric Gryba.
11:45 of 2nd period - Slapshot by Niklas Hjalmarsson.
11:45 of 2nd period - Stopped by Maxime Ouellet without a rebound.
11:46 of 2nd period - Tyler Seguin wins face-off versus Rick Schofield in Mustangs zone.
11:51 of 2nd period - Wrist shot by Chris Thorburn.
11:51 of 2nd period - Shot Misses the Net.
11:53 of 2nd period - Slapshot by Eric Gelinas.
11:53 of 2nd period - Shot Blocked by Rick Schofield.
11:55 of 2nd period - Wrist shot by Chris Thorburn.
11:55 of 2nd period - Goal by Chris Thorburn - Mustangs : 3 - Knights : 2.
11:56 of 2nd period - Tyler Seguin wins face-off versus Rick Schofield in neutral zone.
12:14 of 2nd period - Minor Penalty to Rick Schofield for Holding.
12:15 of 2nd period - Tyler Seguin wins face-off versus Ryan O'Reilly in Mustangs zone.
12:26 of 2nd period - Snap shot by Zack Hamill.
12:26 of 2nd period - Shot Misses the Net.
12:49 of 2nd period - Snap shot by James Wright.
12:49 of 2nd period - Goal by James Wright - Mustangs : 3 - Knights : 3.
12:50 of 2nd period - Tyler Seguin wins face-off versus Brayden Schenn in neutral zone.
12:55 of 2nd period - Slapshot by Niklas Hjalmarsson.
12:55 of 2nd period - Stopped by Maxime Ouellet without a rebound.
12:56 of 2nd period - Brayden Schenn wins face-off versus Tyler Seguin in Mustangs zone.
13:11 of 2nd period - Snap shot by Brayden Schenn.
13:11 of 2nd period - Shot Hit the Post.
13:25 of 2nd period - Snap shot by James Wright.
13:25 of 2nd period - Shot Blocked by Eric Gryba.
13:46 of 2nd period - Icing by Tyler Seguin.
13:47 of 2nd period - Ryan O'Reilly wins face-off versus James Wright in Knights zone.
13:50 of 2nd period - Wrist shot by Reilly Smith.
13:50 of 2nd period - Stopped by Mark Dekanich without a rebound.
13:51 of 2nd period - James Wright wins face-off versus Ryan O'Reilly in Knights zone.
14:00 of 2nd period - Snap shot by Ryan O'Reilly.
14:00 of 2nd period - Goal by Ryan O'Reilly - Mustangs : 4 - Knights : 3.
14:01 of 2nd period - Tyler Seguin wins face-off versus Brayden Schenn in neutral zone.
14:14 of 2nd period - Penalty to Rick Schofield is over, Rick Schofield is back on ice.
14:16 of 2nd period - Snap shot by Zack Hamill.
14:16 of 2nd period - Shot Misses the Net.
14:58 of 2nd period - Wrist shot by Nate Guenin.
14:58 of 2nd period - Stopped by Mark Dekanich with a rebound.
15:00 of 2nd period - Backhand shot by Nate Guenin.
15:00 of 2nd period - Shot Blocked by Garnet Exelby.
15:34 of 2nd period - Off-side.
15:35 of 2nd period - Riley Armstrong wins face-off versus Zack Hamill in neutral zone.
15:38 of 2nd period - Backhand shot by Tom Gilbert.
15:38 of 2nd period - Stopped by Mark Dekanich with a rebound.
15:44 of 2nd period - Tom Gilbert is hit by Alex Chiasson and loses puck.
16:09 of 2nd period - Snap shot by Ben Eager.
16:09 of 2nd period - Stopped by Mark Dekanich with a rebound.
16:11 of 2nd period - Snap shot by Ryan O'Reilly.
16:11 of 2nd period - Shot Blocked by Eric Gelinas.
16:23 of 2nd period - Niklas Hjalmarsson is hit by Brayden Schenn and loses puck.
18:04 of 2nd period - Tom Gilbert is hit by Joe Colborne and loses puck.
18:56 of 2nd period - Off-side.
18:57 of 2nd period - Joe Colborne wins face-off versus Riley Armstrong in neutral zone.
19:44 of 2nd period - Wrist shot by Ryan O'Reilly.
19:44 of 2nd period - Shot Misses the Net.
19:46 of 2nd period - Slapshot by Nate Guenin.
19:46 of 2nd period - Stopped by Mark Dekanich with a rebound.
19:48 of 2nd period - Wrist shot by Ben Eager.
19:48 of 2nd period - Mustangs goal is going for a video replay.
19:48 of 2nd period - The goal is refused. The attacking player has interfered with a goalkeeper in his goal crease..
19:49 of 2nd period - Brayden Schenn wins face-off versus Zack Hamill in Knights zone.
Goals for this period are 3 for Mustangs vs 3 for Knights.
Shots for this period are 17 for Mustangs vs 12 for Knights.
3rd period
0:01 of 3rd period - Alex Chiasson wins face-off versus Reilly Smith in neutral zone.
0:04 of 3rd period - Jared Cowen is hit by Alex Chiasson and loses puck.
0:15 of 3rd period - Slapshot by Alex Chiasson.
0:15 of 3rd period - Shot Blocked by Jared Cowen.
0:21 of 3rd period - Minor Penalty to Eric Gryba for Slashing.
0:22 of 3rd period - Tyler Seguin wins face-off versus Brayden Schenn in Mustangs zone.
0:33 of 3rd period - Snap shot by Zack Hamill.
0:33 of 3rd period - Goal by Zack Hamill - Mustangs : 4 - Knights : 4.
0:34 of 3rd period - Brayden Schenn wins face-off versus Tyler Seguin in neutral zone.
1:09 of 3rd period - Wrist shot by Zack Hamill.
1:09 of 3rd period - Goal by Zack Hamill - Mustangs : 4 - Knights : 5.
1:10 of 3rd period - Zack Hamill wins face-off versus Brayden Schenn in neutral zone.
1:41 of 3rd period - Eric Gelinas is hit by Jared Cowen and loses puck.
1:59 of 3rd period - Wrist shot by Marcus Foligno.
1:59 of 3rd period - Goal by Marcus Foligno - Mustangs : 5 - Knights : 5.
2:00 of 3rd period - Brayden Schenn wins face-off versus Zack Hamill in neutral zone.
3:13 of 3rd period - Wrist shot by Joe Colborne.
3:13 of 3rd period - Stopped by Maxime Ouellet without a rebound.
3:14 of 3rd period - Zack Hamill wins face-off versus Brayden Schenn in Mustangs zone.
3:47 of 3rd period - Slapshot by Michael Stone.
3:47 of 3rd period - Shot Misses the Net.
4:49 of 3rd period - Snap shot by Brayden Schenn.
4:49 of 3rd period - Stopped by Mark Dekanich without a rebound.
4:50 of 3rd period - Ryan O'Reilly wins face-off versus Tyler Seguin in Knights zone.
4:53 of 3rd period - Wrist shot by Ryan O'Reilly.
4:53 of 3rd period - Shot Misses the Net.
4:55 of 3rd period - Snap shot by Riley Nash.
4:55 of 3rd period - Shot Misses the Net.
5:15 of 3rd period - Wrist shot by Evander Kane.
5:15 of 3rd period - Deflect By Brayden Schenn.
5:15 of 3rd period - Shot Misses the Net.
5:15 of 3rd period - Puck is out of play.
5:16 of 3rd period - Zack Hamill wins face-off versus Brayden Schenn in Knights zone.
5:29 of 3rd period - Slapshot by Brayden Schenn.
5:29 of 3rd period - Deflect By Reilly Smith.
5:29 of 3rd period - Stopped by Mark Dekanich without a rebound.
5:30 of 3rd period - Tyler Seguin wins face-off versus Ryan O'Reilly in Knights zone.
5:30 of 3rd period - Tyler Seguin is hit by Derek Joslin.
5:56 of 3rd period - Eric Gelinas is hit by Brayden Schenn and loses puck.
6:38 of 3rd period - Snap shot by Jimmy Hayes.
6:38 of 3rd period - Shot Blocked by Cameron Gaunce.
6:40 of 3rd period - Slapshot by Zbynek Michalek.
6:40 of 3rd period - Shot Misses the Net.
6:42 of 3rd period - Slapshot by Zbynek Michalek.
6:42 of 3rd period - Stopped by Maxime Ouellet with a rebound.
6:44 of 3rd period - Slapshot by Michael Stone.
6:44 of 3rd period - Stopped by Maxime Ouellet without a rebound.
6:45 of 3rd period - Jimmy Hayes wins face-off versus Brayden Schenn in Mustangs zone.
6:48 of 3rd period - Snap shot by Jimmy Hayes.
6:48 of 3rd period - Shot Misses the Net.
6:50 of 3rd period - Slapshot by Niklas Hjalmarsson.
6:50 of 3rd period - Shot Misses the Net.
7:25 of 3rd period - Wrist shot by Evander Kane.
7:25 of 3rd period - Stopped by Mark Dekanich with a rebound.
7:27 of 3rd period - Backhand shot by Reilly Smith.
7:27 of 3rd period - Deflect By Evander Kane.
7:27 of 3rd period - Stopped by Mark Dekanich with a rebound.
7:29 of 3rd period - Wrist shot by Brayden Schenn.
7:29 of 3rd period - Shot Misses the Net.
7:37 of 3rd period - Slapshot by Evander Kane.
7:37 of 3rd period - Deflect By Reilly Smith.
7:37 of 3rd period - Goal by Reilly Smith - Mustangs : 6 - Knights : 5.
7:38 of 3rd period - Ryan O'Reilly wins face-off versus Zack Hamill in neutral zone.
8:11 of 3rd period - Slapshot by Nate Guenin.
8:11 of 3rd period - Stopped by Mark Dekanich without a rebound.
8:12 of 3rd period - Tyler Seguin wins face-off versus Brayden Schenn in Knights zone.
8:12 of 3rd period - Tyler Seguin is hit by Evander Kane.
8:34 of 3rd period - Minor Penalty to Magnus Paajarvi-Svensson for Charging.
8:35 of 3rd period - Brayden Schenn wins face-off versus James Wright in Knights zone.
8:38 of 3rd period - Wrist shot by Reilly Smith.
8:38 of 3rd period - Deflect By Brayden Schenn.
8:38 of 3rd period - Goal by Brayden Schenn - Mustangs : 7 - Knights : 5.
8:39 of 3rd period - Zack Hamill wins face-off versus Brayden Schenn in neutral zone.
9:17 of 3rd period - Snap shot by Joe Colborne.
9:17 of 3rd period - Shot Misses the Net.
9:24 of 3rd period - Icing by Evander Kane.
9:25 of 3rd period - Magnus Paajarvi-Svensson wins face-off versus Brayden Schenn in Mustangs zone.
9:34 of 3rd period - Wrist shot by Alex Chiasson.
9:34 of 3rd period - Stopped by Maxime Ouellet without a rebound.
9:35 of 3rd period - Ryan O'Reilly wins face-off versus Zack Hamill in Mustangs zone.
9:40 of 3rd period - Slapshot by Nate Guenin.
9:40 of 3rd period - Deflect By Zack Hamill.
9:40 of 3rd period - Stopped by Mark Dekanich with a rebound.
9:48 of 3rd period - Slapshot by Zack Hamill.
9:48 of 3rd period - Shot Misses the Net.
9:50 of 3rd period - Slapshot by Tomas Kundratek.
9:50 of 3rd period - Stopped by Maxime Ouellet with a rebound.
9:52 of 3rd period - Slapshot by Tomas Kundratek.
9:52 of 3rd period - Stopped by Maxime Ouellet with a rebound.
9:54 of 3rd period - Wrist shot by Tomas Kundratek.
9:54 of 3rd period - Stopped by Maxime Ouellet with a rebound.
10:08 of 3rd period - Slapshot by Derek Joslin.
10:08 of 3rd period - Shot Blocked by Alex Chiasson.
10:10 of 3rd period - Wrist shot by Ben Eager.
10:10 of 3rd period - Goal by Ben Eager - Mustangs : 8 - Knights : 5.
10:11 of 3rd period - Tyler Seguin wins face-off versus Brayden Schenn in neutral zone.
10:20 of 3rd period - Snap shot by Tyler Seguin.
10:20 of 3rd period - Goal by Tyler Seguin - Mustangs : 8 - Knights : 6.
10:21 of 3rd period - Tyler Seguin wins face-off versus Brayden Schenn in neutral zone.
10:50 of 3rd period - Snap shot by Alex Chiasson.
10:50 of 3rd period - Shot Blocked by Eric Gryba.
10:54 of 3rd period - Snap shot by Alex Chiasson.
10:54 of 3rd period - Stopped by Maxime Ouellet with a rebound.
11:26 of 3rd period - Snap shot by Rick Schofield.
11:26 of 3rd period - Stopped by Mark Dekanich without a rebound.
11:27 of 3rd period - Joe Colborne wins face-off versus Rick Schofield in Knights zone.
11:41 of 3rd period - Michael Stone is hit by Rick Schofield and loses puck.
12:22 of 3rd period - Minor Penalty to Ben Eager for Slashing.
12:23 of 3rd period - Brayden Schenn wins face-off versus Tyler Seguin in Mustangs zone.
12:23 of 3rd period - Brayden Schenn is hit by Chris Thorburn.
12:39 of 3rd period - Snap shot by Brayden Schenn.
12:39 of 3rd period - Shot Misses the Net.
12:49 of 3rd period - Evander Kane is hit by James Wright and loses puck.
13:20 of 3rd period - Ryan O'Reilly is hit by Tomas Kundratek and loses puck.
14:22 of 3rd period - Penalty to Ben Eager is over, Ben Eager is back on ice.
14:58 of 3rd period - Eric Gelinas is hit by Eric Gryba and loses puck.
15:47 of 3rd period - Rick Schofield is hit by Zack Hamill and loses puck.
17:19 of 3rd period - Evander Kane is hit by Jason Zucker and loses puck.
17:40 of 3rd period - Wrist shot by Denis Shvidki.
17:40 of 3rd period - Stopped by Mark Dekanich with a rebound.
17:48 of 3rd period - Jared Cowen is hit by Ronalds Kenins.
18:00 of 3rd period - Slapshot by Jimmy Hayes.
18:00 of 3rd period - Deflect By Ronalds Kenins.
18:00 of 3rd period - Shot Misses the Net.
18:00 of 3rd period - Puck is out of play.
18:01 of 3rd period - Zack Hamill wins face-off versus Evander Kane in Mustangs zone.
18:26 of 3rd period - Daniel Winnik is hit by Chris Thorburn.
18:35 of 3rd period - Slapshot by Tom Gilbert.
18:35 of 3rd period - Stopped by Mark Dekanich without a rebound.
18:36 of 3rd period - Reilly Smith wins face-off versus Zack Hamill in Knights zone.
19:39 of 3rd period - Off-side.
19:40 of 3rd period - Ryan O'Reilly wins face-off versus Tyler Seguin in neutral zone.
Goals for this period are 4 for Mustangs vs 3 for Knights.
Shots for this period are 13 for Mustangs vs 11 for Knights.
Output by the SimonT Hockey Simulator (STHS) for François Prévost -- Original Page W3C XHTML 1.0 Valid